 Dungeon Sprint DCSS version 0.31-a0-859-g9dce7d3444 (webtiles) character file.

Game seed: 18413976080587288498

13608 sircluck the Brawler (level 11, -1/127 HPs)
             Began as a Troll Berserker on Oct 9, 2023.
             Was the Champion of Trog.
             Slain by an unseen horror (3 damage)
             ... in the Dungeon (Sprint I: "Red Sonja").
             The game lasted 00:05:52 (1114 turns).

sircluck the Brawler (Troll Berserker)              Turns: 1114, Time: 00:05:52

Health: -1/127     AC:  8    Str: 36    XL:     11   Next: 77%
Magic:  10/10      EV: 13    Int:  1    God:    Trog [******]
Gold:   971        SH:  0    Dex:  9    Spells: 10/10 levels left

rFire   + . .        k - +8 giant spiked club of Shame {heavy, Will++ Str+3 Int-2}
rCold   . . .        (shield currently unavailable)
rNeg    . . .        o - +3 troll leather armour of the Land of Plenty {rF+ Regen+ Str+2}
rPois   .            (helmet restricted)
rElec   .            (no cloak)
rCorr   .            (gloves unavailable)
SInv    .            (boots unavailable)
Will    ++...        p - amulet of regeneration
Stlth   +            (no ring)
HPRegen 2.81/turn    (no ring)
MPRegen 0.12/turn

%: no teleportation
@: no status effects
A: large, unfitting armour, claws 3, regeneration 1, shaggy fur 1, tough skin 1
a: Renounce Religion, Berserk, Trog's Hand, Brothers in Arms


You were in the Dungeon.
You worshipped Trog.
Trog was exalted by your worship.
You visited 1 branch You collected 2065 gold pieces.
You spent 1094 gold pieces at shops.

Inventory:

Hand Weapons
 j - a +0 giant spiked club
 k - the +8 giant spiked club of Shame (weapon) {heavy, Will++ Str+3 Int-2}
   (Trog gifted it to you in the Dungeon)

   Str+3:     It affects your strength (+3).
   Int-2:     It affects your intelligence (-2).
   Will++:    It greatly increases your willpower.
Missiles
 i - 20 stones
Armour
 a - a +0 animal skin
 o - the +3 troll leather armour of the Land of Plenty (worn) {rF+ Regen+ Str+2}
   (You bought it in a shop in the Dungeon)

   Str+2:     It affects your strength (+2).
   rF+:       It protects you from fire.
   Regen+:    It increases your rate of health regeneration.
 r - a scarf of harm
Jewellery
 p - an amulet of regeneration (around neck)
Wands
 h - a wand of flame (22)
 m - a wand of mindburst (8)
Scrolls
 s - a scroll of enchant armour
Potions
 b - 2 potions of curing
 d - a potion of haste
 e - 2 potions of magic
 f - a potion of berserk rage
 q - a potion of lignification
Miscellaneous
 l - a tin of tremorstones (1/2)


   Skills:
 + Level 13.6 Fighting
 + Level 12.1 Maces & Flails
 + Level 13.6 Dodging
 + Level 16.0 Unarmed Combat


You had 10 spell levels left.
You didn't know any spells.
Your spell library was empty.

Dungeon Overview and Level Annotations

Branches:
Dungeon (1/1)

Altars:
Cheibriados
Dithmenos
Elyvilon
Fedhas
Gozag
Hepliaklqana
Kikubaaqudgha
Makhleb
Nemelex Xobeh
Okawaru
Qazlal
Ru
Sif Muna
Trog
Uskayaw
Vehumet
Wu Jian
Xom
Yredelemnul
Zin
The Shining One
Jiyva
Lugonu

Shops:
D =*!*(:[[((?(=([[=**[[


Innate Abilities, Weirdness & Mutations

You are too large for most types of armour.
You have claws for hands.
Your natural rate of healing is unusually fast.
You are covered in fur. (AC +1)
You have tough skin. (AC +1)


Message History

Something hits you. Something hits you!
* * * LOW HITPOINT WARNING * * *
Something hits you.
* * * LOW HITPOINT WARNING * * *
You barely miss something. Something barely misses you. Something hits you.
* * * LOW HITPOINT WARNING * * *
Something hits you.
* * * LOW HITPOINT WARNING * * *
Something hits you but does no damage. x3; Something hits you.
* * * LOW HITPOINT WARNING * * *
You closely miss something. Something hits you.
* * * LOW HITPOINT WARNING * * *
Something hits you.
* * * LOW HITPOINT WARNING * * *
Something hits you.
* * * LOW HITPOINT WARNING * * *
Something hits you but does no damage. Something hits you!
* * * LOW HITPOINT WARNING * * *
Something hits you but does no damage. Something hits you!
* * * LOW HITPOINT WARNING * * *
Unknown command.
Unknown command.
Unknown command.
Unknown command.
The tremorstone explodes into fragments!
The burst of rock shards engulfs something!
Something hits you.
* * * LOW HITPOINT WARNING * * *
Something hits you but does no damage. x2; Something hits you.
* * * LOW HITPOINT WARNING * * *
Something hits you but does no damage.
Unknown command.
Unknown command.
You feel better. Something completely misses you. Something hits you.
* * * LOW HITPOINT WARNING * * *
Something hits you but does no damage. Something hits you!
* * * LOW HITPOINT WARNING * * *
Something hits you.
You die...

##..'.#
###'#
$=##
##+####
#§##$$$#
#
#..###$#
#
##.#A#$#
###
#).###$#
'.#
#.##..$#
#.#
#..#+###
#.#
##...#
#§#
###@#
#§# #.#
§.# #.#
#.# #+#
#.# '§#
###


There were no monsters in sight!

Vanquished Creatures
  2 centaur warriors (D)
  A demonic crawler (D)
  Sonja (D)
  A deep troll (D)
  A lindwurm (D)
  An oklob plant (D)
  2 kobold demonologists (D)
  3 unseen horrors (D)
  A hornet (D)
  Sigmund (D)
  A slime creature (D)
  13 hogs (D)
  A yak (D)
  2 redbacks (D)
  2 floating eyes (D)
  An ogre (D)
  7 necrophages (D)
  8 jellies (D)
  Ijyb (D)
50 creatures vanquished.

Vanquished Creatures (collateral kills)
  3 demonic crawlers (D)
  8 shining eyes (D)
  4 floating eyes (D)
15 creatures vanquished.

Vanquished Creatures (others)
  2 ballistomycete spores (D)
2 creatures vanquished.

Grand Total: 67 creatures vanquished

Notes
Turn   | Place    | Note
-------+----------+-------------------------------------------
     0 | D        | sircluck the Troll Berserker began the quest for the Orb.
     0 | D        | Reached XP level 1. HP: 22/22 MP: 0/0
     1 | D        | Noticed Ijyb
     6 | D        | Killed Ijyb
     7 | D        | Reached skill level 4 in Unarmed Combat
     7 | D        | Reached XP level 2. HP: 21/32 MP: 1/1
    20 | D        | Noticed an ogre
    29 | D        | Killed an ogre
    30 | D        | Reached skill level 5 in Fighting
    30 | D        | Reached skill level 6 in Unarmed Combat
    30 | D        | Reached XP level 3. HP: 13/42 MP: 2/2
    30 | D        | Reached XP level 4. HP: 15/50 MP: 3/3
    74 | D        | Noticed Sigmund
    82 | D        | Killed Sigmund
    82 | D        | Reached ** piety under Trog
    83 | D        | Reached skill level 7 in Unarmed Combat
    83 | D        | Reached XP level 5. HP: 48/61 MP: 4/4
    83 | D        | Reached XP level 6. HP: 54/68 MP: 5/5
   109 | D        | Found an ornate altar of the Wu Jian Council.
   109 | D        | Found a shimmering blue altar of Sif Muna.
   110 | D        | Found a burning altar of Makhleb.
   110 | D        | Found a viscous altar of Jiyva.
   110 | D        | Found a shimmering altar of Xom.
   110 | D        | Found a corrupted altar of Lugonu.
   110 | D        | Noticed a slime creature
   116 | D        | Killed a slime creature
   117 | D        | Reached skill level 8 in Unarmed Combat
   249 | D        | Found a radiant altar of Vehumet.
   252 | D        | Reached skill level 9 in Unarmed Combat
   281 | D        | Found Luakejos's Assorted Antiques.
   281 | D        | Found an ancient bone altar of Kikubaaqudgha.
   281 | D        | Found a hazy altar of Hepliaklqana.
   281 | D        | Found a hide-covered altar of Uskayaw.
   281 | D        | Found a basalt altar of Yredelemnul.
   281 | D        | Found an opulent altar of Gozag.
   281 | D        | Found a snail-covered altar of Cheibriados.
   281 | D        | Found a sacrificial altar of Ru.
   281 | D        | Found a shadowy altar of Dithmenos.
   281 | D        | Noticed a yak
   284 | D        | Killed a yak
   284 | D        | Reached *** piety under Trog
   285 | D        | Reached XP level 7. HP: 79/80 MP: 6/6
   286 | D        | Found a stormy altar of Qazlal.
   286 | D        | Found a blossoming altar of Fedhas.
   286 | D        | Found a bloodstained altar of Trog.
   286 | D        | Found an iron altar of Okawaru.
   286 | D        | Found a glowing golden altar of the Shining One.
   286 | D        | Found a glowing silver altar of Zin.
   286 | D        | Found a white marble altar of Elyvilon.
   287 | D        | Found a sparkling altar of Nemelex Xobeh.
   336 | D        | Noticed a kobold demonologist
   337 | D        | Noticed a kobold demonologist
   338 | D        | Paralysed by a floating eye for 2 turns
   341 | D        | Noticed a chaos spawn
   344 | D        | Reached skill level 1 in Maces & Flails
   344 | D        | Noticed a red devil
   345 | D        | Killed a kobold demonologist
   346 | D        | Reached skill level 10 in Unarmed Combat
   348 | D        | Noticed a smoke demon
   352 | D        | Killed a kobold demonologist
   352 | D        | Reached **** piety under Trog
   353 | D        | Reached XP level 8. HP: 76/92 MP: 7/7
   376 | D        | Noticed a centaur warrior
   379 | D        | Noticed a centaur warrior
   385 | D        | Killed a centaur warrior
   386 | D        | Reached skill level 5 in Maces & Flails
   386 | D        | Reached skill level 11 in Unarmed Combat
   390 | D        | Killed a centaur warrior
   391 | D        | Reached skill level 10 in Fighting
   391 | D        | Reached skill level 10 in Dodging
   391 | D        | Reached XP level 9. HP: 11/101 MP: 8/8
   474 | D        | Reached skill level 12 in Unarmed Combat
   501 | D        | Noticed an oklob plant
   509 | D        | Killed an oklob plant
   509 | D        | Reached ***** piety under Trog
   543 | D        | Identified the +8 giant spiked club of Shame {heavy, Will++
                  | Str+3 Int-2} (Trog gifted it to you in the Dungeon)
   543 | D        | Received a gift from Trog
   585 | D        | Killed an unseen horror
   586 | D        | Killed an unseen horror
   657 | D        | Received a gift from Trog
   657 | D        | Paralysed by a floating eye for 3 turns
   661 | D        | Reached XP level 10. HP: 113/113 MP: 9/9
   661 | D        | Paralysed by a floating eye for 2 turns
   663 | D        | Reached skill level 13 in Unarmed Combat
   704 | D        | Received a gift from Trog
   724 | D        | Found Omutax's Armour Shoppe.
   724 | D        | Found Iffiure's Antique Armour Shop.
   724 | D        | Found Yneymiuxzyts's Antique Weapon Boutique.
   726 | D        | Found Ulienaxza's Weapon Emporium.
   726 | D        | Found Gagupn's Magic Scroll Shop.
   726 | D        | Found Rydomm's Weapon Shoppe.
   726 | D        | Found Haemu's Jewellery Boutique.
   726 | D        | Found Gyiwn's Antique Weapon Emporium.
   726 | D        | Found Wisiexza's Antique Armour Shop.
   726 | D        | Found Cutulin's Antique Armour Shoppe.
   729 | D        | Bought the +3 troll leather armour of the Land of Plenty
                  | {rF+ Regen+ Str+2} for 674 gold pieces
   740 | D        | Found Maivirun's Jewellery Boutique.
   741 | D        | Found Teiruski's General Store.
   741 | D        | Found Qixt's Assorted Antiques.
   742 | D        | Found Ishafrea's Armour Emporium.
   748 | D        | Bought an amulet of regeneration for 420 gold pieces
   797 | D        | Noticed a deep troll
   798 | D        | Killed a deep troll
   810 | D        | Noticed Sonja
   812 | D        | Killed Sonja
   812 | D        | Reached ****** piety under Trog
   872 | D        | Found Nedghotuo's Jewellery Boutique.
   884 | D        | Found Qefevvum's Armour Emporium.
   915 | D        | Noticed a shining eye
   915 | D        | Noticed a shining eye
   915 | D        | Noticed a shining eye
   918 | D        | Killed a shining eye
   919 | D        | Killed a shining eye
   920 | D        | Reached skill level 14 in Unarmed Combat
   920 | D        | Noticed a shining eye
   921 | D        | Killed a shining eye
   922 | D        | Reached skill level 10 in Maces & Flails
   922 | D        | Killed a shining eye
   923 | D        | Noticed a shining eye
   923 | D        | Noticed a shining eye
   924 | D        | Killed a shining eye
   925 | D        | Reached XP level 11. HP: 124/124 MP: 10/10
   926 | D        | Killed a shining eye
   928 | D        | Noticed a shining eye
   928 | D        | Noticed a shining eye
   933 | D        | Killed a shining eye
   934 | D        | Killed a shining eye
   934 | D        | Received a gift from Trog
   942 | D        | Found Ydduzyi's Assorted Antiques.
   942 | D        | Found Valiux's Weapon Shop.
   942 | D        | Found Plog's Distillery.
   942 | D        | Found Ysiumoac's Book Boutique.
   996 | D        | Noticed a demonic crawler
   996 | D        | Noticed a demonic crawler
   996 | D        | Noticed a demonic crawler
   996 | D        | Noticed a demonic crawler
   997 | D        | Killed a demonic crawler
   998 | D        | Reached skill level 15 in Unarmed Combat
  1003 | D        | Killed a demonic crawler
  1005 | D        | Killed a demonic crawler
  1006 | D        | Killed a demonic crawler
  1039 | D        | Noticed a lindwurm
  1042 | D        | Killed a lindwurm
  1042 | D        | Received a gift from Trog
  1065 | D        | Identified the +6 mace "Dieda" {flame, *Rage rElec Will+
                  | Str+5} (Trog gifted it to you in the Dungeon)
  1065 | D        | Received a gift from Trog
  1089 | D        | Noticed a daeva
  1097 | D        | Received a gift from Trog
  1098 | D        | Reached skill level 16 in Unarmed Combat
  1111 | D        | HP: 6/127 [something (7)]
  1114 | D        | HP: 2/127 [something (7)]
  1114 | D        | Slain by an unseen horror

Illustrated notes

Levels and vault maps discovered:
D:        dungeon_sprint_1 [red_sonja_temple_1, red_sonja_temple_small_1]

Skill      XL: |  1  2  3  4  5  6  7  8  9 10 11 |
---------------+----------------------------------+-----
Fighting       | 3 5 6 8 9 10 11 12 13 | 13.6
Dodging        | 3 4 6 7 8 10 12 13 | 13.6
Unarmed Combat | 4 6 7 9 10 11 12 14 16 | 16.0
Maces & Flails | 4 6 8 10 12 | 12.1

Action                     |  1- 3 |  4- 6 |  7- 9 | 10-12 || total
---------------------------+-------+-------+-------+-------++-------
  Melee: Unarmed           |    11 |    16 |    39 |       ||    66
         Punch             |     1 |     1 |     1 |       ||     3
         Giant spiked club |       |       |    11 |    61 ||    72
 Invoke: Berserk           |       |     1 |       |       ||     1
         Brothers in Arms  |       |       |       |     3 ||     3
  Evoke: Tin of tremorston |       |       |       |     1 ||     1
    Use: Scroll            |       |       |       |     3 ||     3
         Potion            |       |       |       |     2 ||     2
 Armour: Animal skin       |     3 |     5 |    77 |    20 ||   105
         Troll leather arm |       |       |       |   128 ||   128
  Dodge: Dodged            |     4 |     3 |    29 |    67 ||   103

Table legend: (Time is in decaauts)
 A = Elapsed time spent in this place.
 B = Non-inter-level travel time spent in this place.
 C = Inter-level travel time spent in this place.
 D = Time resting spent in this place.
 E = Time spent auto-exploring this place.
 F = Levels seen in this place.
 G = Mean time per level.
                   A        B        C        D        E       F      G
               +--------+--------+--------+--------+--------+-----+--------+
         Total |   1179 |   1160 |     19 |    220 |    426 |   1 | 1179.0 |
       Dungeon |   1179 |   1160 |     19 |    220 |    426 |   1 | 1179.0 |
               +--------+--------+--------+--------+--------+-----+--------+

Top non-repeatable levels by time:
       D: 1179 daAuts
